 Dungeon Crawl Stone Soup version 0.30.1-11-g7821555f0a (webtiles) character file.

Game seed: 9049875202113262249

575 Peloso the Slasher (level 7, -8/61 HPs)
             Began as a Minotaur Fighter on Nov 11, 2023.
             Mangled by an ice beast (13 damage)
             ... on level 5 of the Dungeon.
             The game lasted 00:05:47 (3503 turns).

Peloso the Slasher (Minotaur Fighter)               Turns: 3503, Time: 00:05:47

Health: -8/61      AC:  8    Str: 21    XL:     7   Next: 12%
Magic:  6/6        EV: 10    Int:  5    God:
Gold:   244        SH:  5    Dex: 17    Spells: 6/6 levels left

rFire   . . .        a - +0 long sword
rCold   . . .        c - +0 buckler
rNeg    . . .        b - +1 scale mail
rPois   .            (helmet restricted)
rElec   .            (no cloak)
rCorr   .            (no gloves)
SInv    .            (no boots)
Will    .....        (no amulet) Stlth
                     i - +6 ring of dexterity
HPRegen 0.30/turn    (no ring)
MPRegen 0.10/turn

%: no passive effects
@: no status effects
A: horns 2, retaliatory headbutt
a: no special abilities


You were on level 5 of the Dungeon.
You visited 1 branch of the dungeon, and saw 5 of its levels.

You collected 244 gold pieces.

Inventory:

Hand Weapons
 a - a +0 long sword (weapon)
Armour
 b - a +1 scale mail (worn)
 c - a +0 buckler (worn)
Jewellery
 i - a +6 ring of dexterity (left hand)
Wands
 q - a wand of polymorph (9)
Scrolls
 h - 2 scrolls of immolation
 l - 2 scrolls of enchant armour
 o - 2 scrolls of teleportation
 p - a scroll of fear
 r - a scroll of identify {unknown}
Potions
 d - 2 potions of might
 e - a potion of haste
 f - a potion of invisibility {unknown}
 j - a potion of brilliance {unknown}
 k - a potion of curing {unknown}
 m - a potion of flight {unknown}
 n - a potion of degeneration {unknown}


   Skills:
 + Level 5.0 Fighting
 + Level 6.0 Long Blades
 + Level 5.8 Armour
 + Level 2.2 Dodging
 + Level 0.3 Stealth
 + Level 4.7 Shields
 + Level 0.3 Unarmed Combat


You had 6 spell levels left.
You didn't know any spells.
Your spell library was empty.

Dungeon Overview and Level Annotations

Branches:
Dungeon (5/15)
 Temple: D:4-7

Altars:


Innate Abilities, Weirdness & Mutations

You have a pair of horns on your head.
You reflexively headbutt those who attack you in melee.


Message History

The ogre hits you with a +0 giant club!
* * * LOW HITPOINT WARNING * * *
You barely miss the ogre. You headbutt the ogre!
The ogre is severely wounded.
You hit the ogre. You headbutt the ogre.
The ogre is almost dead.
The ogre hits you with a +0 giant club.
* * * LOW HITPOINT WARNING * * *
You slash the ogre!
You kill the ogre!
Your Fighting skill increases to level 5!
Your Long Blades skill increases to level 6!
You have reached level 7!
You hit the ice beast but do no damage. You headbutt the ice beast!
The ice beast is moderately wounded.
The ice beast hits you but does no damage.
Unknown command.
You completely miss the ice beast.
The ice beast is moderately wounded.
The ice beast hits you but does no damage.
Unknown command.
You hit the ice beast. You headbutt the ice beast.
The ice beast is severely wounded.
The ice beast hits you.
* * * LOW HITPOINT WARNING * * *
The ice beast freezes you.
* * * LOW HITPOINT WARNING * * *
Unknown command.
You closely miss the ice beast.
The ice beast is severely wounded.
The ice beast barely misses you.
Unknown command.
Okay, then.
You closely miss the ice beast. You headbutt the ice beast.
The ice beast is severely wounded.
You hear the slow rusting of a very distant drain.
The ice beast hits you.
* * * LOW HITPOINT WARNING * * *
The ice beast freezes you!
You die...

#### #### #.. .....
..! ...####Y#######
....<.........#
..#.##.....#.#
#.#..Y..:....#
#.#.@#.....### #.#
####.#..#.....# #.#
#.#.......#..$..#
####.#
#.#>....###.......
.....#
#.#.......#..$.....
#....#
#.#.....#.#.####...
. ...#
#.#.....#.#.# ...
####.###.#.....# #
...#...#.#.....#.


You could see an ice beast.

Vanquished Creatures
  Sigmund (D:2)
  An ogre (D:5)
  A black bear (D:3)
  A hound (D:3)
  An iguana (D:4)
  An orc wizard (D:4)
  6 adders
  An ufetubus (D:5)
  2 worms
  2 dart slugs
  3 orcs
  7 ball pythons
  5 bats
  9 endoplasms
  3 giant cockroaches
  7 goblins
  10 hobgoblins
  3 jackals (D:2)
  12 kobolds
  5 quokkas
  A frilled lizard (D:3)
  4 rats
86 creatures vanquished.

Notes
Turn   | Place    | Note
-------+----------+-------------------------------------------
     0 | D:1      | Peloso the Minotaur Fighter began the quest for the Orb.
     0 | D:1      | Reached XP level 1. HP: 19/19 MP: 0/0
   241 | D:1      | Reached XP level 2. HP: 23/27 MP: 1/1
   681 | D:1      | Reached XP level 3. HP: 33/33 MP: 2/2
  1035 | D:2      | Noticed Sigmund
  1240 | D:2      | Reached skill level 3 in Long Blades
  1536 | D:3      | Reached skill level 1 in Dodging
  1536 | D:3      | Reached XP level 4. HP: 40/40 MP: 3/3
  2113 | D:4      | Noticed a black bear
  2128 | D:3      | Reached skill level 4 in Long Blades
  2131 | D:3      | Killed a black bear
  2132 | D:3      | Reached XP level 5. HP: 11/47 MP: 4/4
  2294 | D:3      | Reached skill level 5 in Armour
  2462 | D:4      | Reached XP level 6. HP: 46/53 MP: 5/5
  2660 | D:4      | Reached skill level 5 in Long Blades
  2975 | D:2      | Killed Sigmund
  3406 | D:5      | Entered Level 5 of the Dungeon
  3485 | D:5      | Noticed an ice beast
  3499 | D:5      | Reached skill level 5 in Fighting
  3499 | D:5      | Reached skill level 6 in Long Blades
  3499 | D:5      | Reached XP level 7. HP: 12/61 MP: 6/6
  3503 | D:5      | Mangled by an ice beast

Illustrated notes

Levels and vault maps discovered:
D:1:      scummos_arrival_gate, layout_basic
D:2:      layout_loops_cross, chequers_big_river, uniq_sigmund
D:3:      layout_loops_cross
D:4:      layout_rooms
D:5:      layout_basic, minmay_temple_entry_nine_rooms, gup_sewer_entry_bowl,
          serial_shops, nicolae_shop_window_shopping, chequers_mini_garden

Skill      XL: |  1  2  3  4  5  6 |
---------------+-------------------+-----
Shields        | 4 |  4.7
Armour         | 4 5 |  5.8
Fighting       | 4 5 |  5.0
Long Blades    | 3 4 6 |  6.0
Dodging        | 1 2 |  2.2
Stealth        | |  0.3
Unarmed Combat | |  0.3

Action                     |  1- 3 |  4- 6 |  7- 9 || total
---------------------------+-------+-------+-------++-------
  Melee: Long sword        |    79 |   114 |     5 ||   198
         Headbutt          |    10 |    23 |     3 ||    36
         Unarmed           |       |     6 |       ||     6
    Use: Scroll            |     6 |     2 |       ||     8
         Potion            |     6 |     1 |       ||     7
 Armour: Scale mail        |    52 |    53 |     2 ||   107
  Dodge: Dodged            |    44 |    56 |     1 ||   101
  Block: Buckler           |    23 |    33 |       ||    56
